 Dungeon Crawl Stone Soup version 0.17-a0-1210-g1e4f09d (webtiles) character file.

245 patman the Cudgeler (level 5, -3/45 HPs)
             Began as a Centaur Chaos Knight on June 3, 2015.
             Slain by an ogre
             ... wielding a +0 giant club
              (30 damage)
             ... on level 4 of the Dungeon.
             The game lasted 00:06:00 (2883 turns).

patman the Cudgeler (Centaur Chaos Knight)          Turns: 2883, Time: 00:06:00

Health: -3/45      AC: 11    Str: 15    XL:     5   Next: 84%
Magic:  5/5        EV:  7    Int: 11    God:    Xom [.....*]
Gold:   190        SH:  8    Dex:  9    Spells: 0 memorised, 4 levels left

rFire  . . .     SeeInvis .     a - +2 mace (venom)
rCold  . . .     Clarity  .     h - +2 leather armour
rNeg   . . .     SustAt   .     t - +0 shield
rPois  .         Gourm    .     y - +1 helmet
rElec  .         Spirit   .     B - +2 cloak
rCorr  .         Warding  .     (no gloves)
rMut   .         Stasis   .     (no barding)
MR     .....                    (no amulet)
Stlth  ..........               (no ring)
                                (no ring)

@: very quick, not resistant to hostile enchantments, extremely unstealthy
A: hooves 3, deformed body, speed 2, tough skin 3
a: Renounce Religion


You were on level 4 of the Dungeon.
You worshipped Xom.
You were Xom's teddy bear.
You were not hungry.

You visited 1 branch of the dungeon, and saw 4 of its levels.

You collected 190 gold pieces.

Inventory:

Hand weapons
 a - a +2 mace of venom (weapon)
 b - a +1 mace of holy wrath
 q - a +0 flail
 s - a +0 mace of chaos
Missiles
 p - 165 stones (quivered)
Armour
 h - a +2 leather armour (worn)
 i - a +0 plate armour
 t - a +0 shield (worn)
 y - a +1 helmet (worn)
 B - a +2 cloak (worn)
Magical devices
 v - a wand of slowing (26)
 x - a wand of lightning (3)
Scrolls
 d - a scroll of remove curse
 e - a scroll of teleportation {unknown}
 g - a scroll of enchant armour {unknown}
 m - a scroll of fog {unknown}
 r - a scroll of enchant weapon
 u - a scroll of blinking {unknown}
Potions
 f - a potion of cancellation
 k - a potion of lignification {unknown}
 l - a potion of agility {unknown}
 o - 3 potions of haste
 z - 2 potions of flight
 A - a potion of brilliance {unknown}
Comestibles
 c - 5 bread rations
 j - 6 fruits
 n - 3 meat rations


   Skills:
 - Level 3.0 Fighting
 - Level 5.0 Maces & Flails
 - Level 1.3 Armour
 - Level 0.6 Dodging
 * Level 2.5 Shields


You had 4 spell levels left.
You didn't know any spells.

Dungeon Overview and Level Annotations

Branches:
Dungeon (4/15)
 Temple: D:4-7

Altars:
Dithmenos

Shops:
D:4 :


Innate Abilities, Weirdness & Mutations

You have hooves in place of feet.
Armour fits poorly on your strangely shaped body.
You cover ground very quickly.
You have extremely tough skin (AC +3).


Message History

You hit the goblin.
You kill the goblin!
No target in view!
No target in view!
No target in view!
An ogre comes into view. It is wielding a giant club.
The ogre shouts!
An ogre is nearby!
Found a scroll labeled TIERUTEENAN.
You sock the ogre!
The ogre is poisoned.
Your kick misses the ogre.
The ogre is moderately wounded.
The ogre hits you with a giant club!
You sock the ogre!
The ogre looks even sicker.
The ogre is almost dead.
The ogre hits you with a giant club!
You closely miss the ogre.
The ogre is almost dead.
The ogre hits you with a giant club!!
Ouch! That really hurt!
You die...

.... .? ......#.#
......#.#####
......#.....#####
.#...........#...##
...................#
....................#
.....................#
...........@....#...##
....
..........O.....#####
... ..........>......#
..
..................###
.#.
...........##.....##
..
...........#######..#
# #.##..#.∩.## ##.# #
......##...# ### #
.....##.#....#


You could see an ogre.

Vanquished Creatures
  A giant frog zombie (D:3)
  Crazy Yiuf (D:3)
  Ijyb (D:2)
  Natasha (D:2)
  A worker ant (D:4)
  Robin (D:3)
  3 adders
  A worm (D:3)
  4 orcs (D:3)
  4 bats
  14 hobgoblins
  A quokka (D:3)
  17 goblins
  2 jackals (D:2)
  6 kobolds
  7 rats
65 creatures vanquished.

Notes
Turn   | Place    | Note
--------------------------------------------------------------
     0 | D:1      | patman the Centaur Chaos Knight began the quest for the Orb.
     0 | D:1      | Reached XP level 1. HP: 19/19 MP: 1/1
   192 | D:1      | XOM: divination: detect items
   254 | D:1      | Reached XP level 2. HP: 21/26 MP: 2/2
   720 | D:2      | XOM: silly message
   783 | D:2      | Reached XP level 3. HP: 27/31 MP: 3/3
   828 | D:2      | XOM: medium Air miscast
   951 | D:2      | Noticed Ijyb
   961 | D:2      | Killed Ijyb
   961 | D:2      | Reached skill level 4 in Maces & Flails
  1033 | D:2      | XOM: smoke on damage
  1175 | D:2      | Reached XP level 4. HP: 35/38 MP: 4/4
  1182 | D:2      | Noticed Natasha
  1191 | D:2      | Killed Natasha
  1255 | D:2      | XOM: harmless Tloc miscast
  1278 | D:3      | XOM: potion effect (invisibility)
  1519 | D:3      | Reached skill level 5 in Maces & Flails
  1554 | D:3      | Reached XP level 5. HP: 45/45 MP: 5/5
  1571 | D:3      | Reached skill level 1 in Shields
  1647 | D:3      | XOM: god gift: 25 stones
  1782 | D:3      | XOM: harmless Hex miscast
  1815 | D:3      | Noticed Robin
  1835 | D:3      | Killed Robin
  1865 | D:3      | Found a shadowy altar of Dithmenos.
  1880 | D:3      | XOM: severe Pois miscast
  2443 | D:3      | Noticed Crazy Yiuf
  2451 | D:3      | Killed Crazy Yiuf
  2587 | D:4      | XOM: noise
  2844 | D:4      | Found Gegagh's Book Shop.
  2877 | D:4      | Noticed an ogre
  2883 | D:4      | Slain by an ogre

Vault maps used:
D:1:      sevenhm_arrival_forest_fort_large_4
D:2:      minmay_stone_trees_medium, uniq_natasha, uniq_iyjb
D:3:      overflow_temple_1_default, uniq_crazy_yiuf_cottage, uniq_robin
D:4:      nicolae_ru_the_path_less_chosen, serial_shops, shop, first_bread

Action                   |  1- 3 |  4- 6 || total
-------------------------+-------+-------++-------
Melee: Mace              |    80 |    91 ||   171
  Use: Scroll            |     1 |     3 ||     4
 Stab: Invisible         |       |     1 ||     1
  Eat: Beef jerky        |       |     1 ||     1
       Meat ration       |       |     1 ||     1
       Chunk             |       |     1 ||     1
